 Dungeon Crawl Stone Soup version 0.31-a0-426-g3a05650e59 (webtiles) character file.

Game seed: 9189053419721145431

431 Dordric the Cleaver (level 6, -2/51 HPs)
             Began as a Hill Orc Monk on July 30, 2023.
             Slain by a sleepcap (15 damage)
             ... on level 3 of the Dungeon.
             The game lasted 00:05:24 (3066 turns).

Dordric the Cleaver (Hill Orc Monk)                 Turns: 3066, Time: 00:05:24

Health: -2/51      AC:  8    Str: 16    XL:     6   Next: 99%
Magic:  6/6        EV:  2    Int: 10    God:
Gold:   188        SH:  0    Dex: 13    Spells: 5/5 levels left

rFire   . . .        u - +1 dagger (venom)
rCold   . . .        d - orb {light}
rNeg    . . .        k - +0 ring mail
rPois   .            (no helmet)
rElec   .            o - +0 cloak
rCorr   .            w - +0 pair of gloves
SInv    .            v - +0 pair of boots
Will    .....        (no amulet)
Stlth   +            (no ring)
HPRegen 0.28/turn    (no ring)
MPRegen 0.10/turn

%: no passive effects
@: sleeping, glowing
A: no striking features
a: no special abilities


You were on level 3 of the Dungeon.
You visited 1 branch of the dungeon, and saw 4 of its levels.

You collected 188 gold pieces.

Inventory:

Hand Weapons
 a - a +0 hand axe
 l - a +0 sling
 u - a +1 dagger of venom (weapon)
Armour
 b - a +0 robe
 d - an orb of light (worn)
 k - a +0 ring mail (worn)
 o - a +0 cloak (worn)
 v - a +0 pair of boots (worn)
 w - a +0 pair of gloves (worn)
Wands
 m - a wand of flame (17)
Scrolls
 e - a scroll of revelation {unknown}
 f - 2 scrolls of immolation {unknown}
 g - a scroll of teleportation {unknown}
 i - a scroll of enchant armour {unknown}
 j - 2 scrolls of amnesia {unknown}
 n - a scroll of noise {unknown}
 r - a scroll of enchant weapon {unknown}
 t - 4 scrolls of identify {unknown}
Potions
 h - a potion of curing {unknown}
 p - a potion of mutation {unknown}
 q - 2 potions of berserk rage {unknown}
 s - a potion of heal wounds {unknown}


   Skills:
 - Level 3.6 Fighting
 + Level 10.0 Axes
 - Level 2.4 Dodging


You had 5 spell levels left.
You didn't know any spells.
Your spell library contained the following spells:

 Spells                   Type           Power      Damage    Failure   Level
 Freeze                   Ice            0%         1d3       58%         1
 Frozen Ramparts          Ice            0%         1d1       91%         3
 Hailstorm                Conj/Ice       0%         3d3       91%         3


Dungeon Overview and Level Annotations

Branches:
Dungeon (4/15)
 Temple: D:4-7

Altars:

Shops:
D:1 [*=   D:3 ?*


Message History

The sleepcap is lightly damaged.
The sleepcap releases spores at you but does no damage.
You hit the sleepcap but do no damage.
The sleepcap is poisoned.
The sleepcap is lightly damaged.
The sleepcap releases spores at you but does no damage.
You hit the sleepcap but do no damage.
The sleepcap looks even sicker.
The sleepcap is lightly damaged.
The sleepcap releases spores at you but does no damage.
You hit the sleepcap.
The sleepcap looks as sick as possible!
The sleepcap is lightly damaged.
The sleepcap releases spores at you.
* * * LOW HITPOINT WARNING * * *
You are engulfed in a cloud of soporific spores!
You fall asleep.
The sleepcap releases spores at you.
You wake up.
* * * LOW HITPOINT WARNING * * *
You are engulfed in a cloud of soporific spores!
You are unaffected.
Unknown command.
You are confused.
You feel invigorated. The sleepcap barely misses you.
The sleepcap attacks as you move away! The sleepcap misses you.
The sleepcap barely misses you.
There is a stone staircase leading down, spattered with blood here.
You hit the sleepcap.
The sleepcap is heavily damaged.
You feel less invigorated.
You feel less confused. The sleepcap misses you.
You hit the sleepcap but do no damage.
The sleepcap is heavily damaged.
The sleepcap releases spores at you but does no damage.
You hit the sleepcap but do no damage.
The sleepcap is heavily damaged.
The sleepcap releases spores at you.
* * * LOW HITPOINT WARNING * * *
You are engulfed in a cloud of soporific spores!
You fall asleep.
The sleepcap releases spores at you!
You die...

###.#.....##.............#
###.#.##.###.......####..#
....#.##....###..##...#..#
....#.#####.###..##......#
....#.#####...#..##...##.#
.......)......<..##..†##.#
...##.#########...'...##.#
...##.# #..##...##.#
...######### #.@#######.#
...'#.....⌠# #.f........#
...#..≈≈≈..# ############
##...≈≈≈≈≈.# ##..≈≈≈≈≈∩#
##.≈≈≈≈≈.# #..≈≈≈..#
##.....⌠# ########


You could see a sleepcap (very poisoned).

Vanquished Creatures
  A steam dragon (D:4)
  2 centaurs (D:4)
  4 adders
  4 gnolls
  2 worms (D:2)
  2 dart slugs (D:2)
  7 orcs
  2 endoplasms (D:2)
  2 giant cockroaches
  6 goblins
  4 hobgoblins
  3 jackals (D:1)
  2 quokkas
  2 bats
  4 frilled lizards
  3 kobolds
  4 rats
54 creatures vanquished.

Notes
Turn   | Place    | Note
-------+----------+-------------------------------------------
     0 | D:1      | Dordric the Hill Orc Monk began the quest for the Orb.
     0 | D:1      | Reached XP level 1. HP: 19/19 MP: 1/1
   150 | D:1      | Found Moxahel's Assorted Antiques.
   229 | D:1      | Reached XP level 2. HP: 6/26 MP: 2/2
   425 | D:1      | Found Ecie's Armour Boutique.
   496 | D:1      | Found Qudyota Toaf's Jewellery Boutique.
   548 | D:1      | Reached skill level 5 in Axes
   874 | D:2      | Reached XP level 3. HP: 5/31 MP: 3/3
  1061 | D:2      | Reached skill level 6 in Axes
  1277 | D:2      | Reached XP level 4. HP: 33/39 MP: 4/4
  1571 | D:1      | HP: 1/39 [gnoll/+0 flail (3)]
  1833 | D:2      | Reached skill level 7 in Axes
  2313 | D:3      | Reached XP level 5. HP: 41/45 MP: 5/5
  2416 | D:3      | Found Mosoinwig's Assorted Antiques.
  2518 | D:3      | Found a faded altar of an unknown god.
  2615 | D:3      | Found Yqaumn's Magic Scroll Emporium.
  2739 | D:4      | Noticed a centaur
  2756 | D:4      | Killed a centaur
  2757 | D:4      | Reached skill level 8 in Axes
  2897 | D:4      | Noticed a centaur
  2911 | D:4      | Killed a centaur
  2912 | D:4      | Reached skill level 9 in Axes
  2912 | D:4      | Reached XP level 6. HP: 45/51 MP: 6/6
  3025 | D:4      | Noticed a steam dragon
  3039 | D:4      | Killed a steam dragon
  3040 | D:4      | Reached skill level 10 in Axes
  3059 | D:3      | HP: 1/51 [sleepcap (6)]
  3066 | D:3      | Slain by a sleepcap

Illustrated notes

Levels and vault maps discovered:
D:1:      sevenhm_arrival_forest_fort_small_4, layout_rooms, serial_shops,
          nicolae_shop_behind_doors, nicolae_shop_scrapyard,
          nicolae_shop_hallway_plus
D:2:      layout_basic
D:3:      layout_basic, hellmonk_ecumenical_altar_inner_sanctum, serial_shops,
          nicolae_lakefront_shop, nicolae_shop_just_a_little_nook
D:4:      layout_gridville

Skill      XL: |  1  2  3  4  5  6 |
---------------+-------------------+-----
Axes           | 5 6 7 9 10 | 10.0
Fighting       | |  3.6
Dodging        | |  2.4

Action                     |  1- 3 |  4- 6 || total
---------------------------+-------+-------++-------
  Melee: Hand axe          |    80 |    89 ||   169
         Dagger            |       |    51 ||    51
   Fire: Sling             |     4 |       ||     4
  Evoke: Wand              |       |     1 ||     1
    Use: Potion            |       |     1 ||     1
 Armour: Robe              |     3 |       ||     3
         Ring mail         |    25 |    52 ||    77
  Dodge: Dodged            |    44 |    87 ||   131

Table legend: (Time is in decaauts)
 A = Elapsed time spent in this place.
 B = Non-inter-level travel time spent in this place.
 C = Inter-level travel time spent in this place.
 D = Time resting spent in this place.
 E = Time spent auto-exploring this place.
 F = Levels seen in this place.
 G = Mean time per level.
                   A        B        C        D        E       F      G
               +--------+--------+--------+--------+--------+-----+--------+
         Total |   3069 |   2921 |    148 |    555 |   1815 |   4 |  767.2 |
       Dungeon |   3069 |   2921 |    148 |    555 |   1815 |   4 |  767.2 |
               +--------+--------+--------+--------+--------+-----+--------+

Top non-repeatable levels by time:
     D:2: 1162 daAuts
     D:1: 1041 daAuts
     D:3: 550 daAuts
     D:4: 314 daAuts
